Map: Central Protocol

Players

Nerchio - Winner!

  • Race: Zerg Zerg
  • League: Grandmaster

AcerBly (Bly)

  • Race: Zerg Zerg
  • League: Grandmaster

VOD

Have the link to the VOD?

Description

Time

  • Played on: Dec. 14, 2015, 9:22 p.m.
  • Length: 9:51
Show
View Real Time Build Order
Export as new Build Order

Nerchio Zerg - Winner!

Build Orders: Pool First, Zergling Baneling 

Get SALT Encoding   

  12  0:00  Drone  
  13  0:12  Overlord  
  13  0:16  Drone  
  14  0:30  Drone x2  
  14  0:34  Drone  
  17  0:38  Extractor  
  16  0:48  Spawning Pool  
  15  0:50  Drone  
  16  0:58  Drone  
  17  1:06  Overlord  
  17  1:35  Zergling x4, Queen  
  17  1:37  Metabolic Boost  
  17  1:39  Zergling x2  
  22  1:53  Zergling x2  
  23  1:57  Baneling Nest  
  22  2:03  Zergling x2  
  23  2:11  Queen  
  23  2:12  Zergling x2  
  26  2:28  Drone  
  27  2:34  Drone  
  27  2:36  Spine Crawler  
  27  2:41  Baneling x2  
  27  2:43  Baneling x2  
  27  2:44  Baneling  
  27  2:46  Queen  
  29  2:51  Zergling x2  
  28  3:04  Zergling x4  
  29  3:12  Overlord  
  27  3:22  Drone x3  
  29  3:27  Baneling  
  29  3:31  Baneling x3  
  29  3:42  Zergling x2  
  29  3:43  Zergling x2  
  29  3:46  Zergling x4  
  29  3:47  Zergling x2  
  34  4:12  Hatchery  
  34  4:16  Drone x4  
  37  4:22  Evolution Chamber  
  37  4:24  Drone  
  37  4:33  Overlord  
  37  4:35  Drone  
  38  4:42  Overlord  
  38  4:47  Overlord  
  38  4:57  Zerg Ground Armor Level 1  
  38  5:02  Drone  
  38  5:05  Drone  
  40  5:09  Drone  
  40  5:12  Drone x2  
  43  5:16  Drone  
  43  5:19  Drone  
  45  5:27  Drone x2  
  46  5:44  Overlord  
  46  5:45  Drone x5  
  50  5:51  Extractor  
  50  5:54  Zergling x4  
  50  5:59  Zergling x6  
  53  6:05  Zergling x2  
  53  6:11  Zergling x2  
  53  6:15  Zergling x4  
  55  6:18  Zergling x4  
  55  6:21  Zergling x2  
  55  6:24  Lair, Queen  
  60  6:28  Zergling x2  
  60  6:29  Zergling x2  
  60  6:30  Zergling x2, Baneling x2  
  60  6:31  Baneling  
  60  6:32  Zergling x2, Baneling x5  
  63  6:38  Zergling x2  
  64  6:41  Baneling x5  
  64  6:42  Zergling x2  
  65  6:48  Zergling x2  
  65  6:49  Baneling x2  
  65  6:53  Hatchery  
  65  6:54  Zergling x2  
  66  6:59  Zergling x4  
  66  7:00  Zergling x4  
  63  7:05  Queen  
  63  7:11  Baneling x2  
  63  7:12  Zergling x4  
  63  7:14  Zergling x2  
  63  7:15  Zergling x2  
  63  7:16  Zergling x2  
  63  7:22  Zergling x2  
  64  7:23  Zergling x2  
  64  7:27  Zergling x4  
  64  7:30  Zergling x2  
  62  7:38  Nydus Network, Zergling x4  
  62  7:41  Zergling x6  
  61  7:45  Baneling x2  
  61  7:48  Queen  
  61  7:49  Zergling x2  
  64  7:51  Zergling x2  
  64  7:53  Zergling x2  
  64  7:55  Zergling x2  
  64  7:58  Baneling x2  
  67  8:01  Zergling x2  
  67  8:05  Zergling x2  
  67  8:10  Zergling x2  
  67  8:11  Zergling x4  
  65  8:20  Queen x2  
  65  8:22  Zergling x4  
  65  8:24  Zergling x2  
  69  8:28  Zergling x4  
  69  8:30  Zergling x2  
  69  8:33  Zergling x2  
  72  8:36  Nydus Canal  
  72  8:37  Zergling x2  
  72  8:40  Zergling x2  
  72  8:42  Zergling x2  
  72  8:46  Zergling x4  
  70  8:56  Spore Crawler  
  70  8:57  Spore Crawler, Queen  
  70  9:01  Zergling x2  
  70  9:02  Zergling x2  
  72  9:04  Baneling x3  
  72  9:09  Overlord  
  72  9:17  Drone  
  72  9:20  Overlord x2  
  68  9:31  Zergling x2  
  68  9:32  Zergling x10  
Show
View Real Time Build Order
Export as new Build Order

AcerBly Zerg 

Build Orders: Pool First, Zergling Baneling 

Get SALT Encoding   

  12  0:01  Drone  
  13  0:11  Drone  
  14  0:14  Extractor  
  13  0:28  Spawning Pool  
  13  0:32  Drone  
  13  0:39  Drone  
  14  0:46  Drone, Extractor  
  15  0:56  Overlord  
  15  1:15  Queen  
  15  1:17  Metabolic Boost  
  17  1:20  Zergling x2  
  17  1:25  Zergling x2  
  19  1:29  Zergling x2  
  20  1:38  Baneling Nest  
  19  1:42  Zergling x2  
  21  1:47  Zergling x2  
  21  1:55  Overlord  
  21  2:04  Zergling x2  
  22  2:22  Zergling x2  
  23  2:23  Baneling x3  
  23  2:24  Zergling x2  
  23  2:25  Zergling x4  
  23  2:27  Baneling  
  26  2:32  Zergling x2  
  27  2:38  Drone  
  28  2:52  Baneling x2  
  27  3:04  Drone x2  
  28  3:07  Drone  
  28  3:10  Drone  
  29  3:27  Drone x2  
  27  3:34  Drone  
  28  3:41  Evolution Chamber  
  28  3:42  Baneling  
  28  3:43  Baneling x2  
  27  3:49  Hatchery  
  26  4:03  Queen  
  28  4:11  Drone  
  28  4:13  Overlord  
  29  4:17  Zerg Ground Armor Level 1  
  29  4:23  Overlord  
  29  4:37  Drone x2  
  29  4:38  Drone  
  32  4:46  Drone x4  
  36  5:00  Zergling x2  
  36  5:03  Extractor  
  36  5:04  Overlord  
  36  5:09  Drone  
  36  5:13  Drone x4  
  41  5:15  Lair  
  41  5:24  Drone x2  
  43  5:47  Drone x4  
  43  5:48  Zergling x4  
  48  5:50  Baneling x2  
  48  5:54  Zergling x2  
  48  5:55  Zergling x6  
  48  6:13  Zergling x4  
  49  6:19  Spire  
  49  6:20  Extractor  
  49  6:21  Extractor  
  45  6:30  Drone x4  
  49  6:38  Zergling x2  
  50  6:41  Baneling x2  
  50  6:42  Baneling x2  
  50  6:44  Queen x2  
  50  6:45  Overlord  
  53  7:01  Zergling x14  
  44  7:12  Zergling x4  
  38  7:26  Baneling  
  35  7:31  Zergling x4  
  35  7:32  Zergling x4  
  38  7:39  Baneling  
  38  7:40  Mutalisk x2  
  38  7:41  Queen  
  40  7:49  Mutalisk x3  
  46  7:59  Drone x4  
  50  8:11  Drone x2  
  43  8:21  Mutalisk  
  43  8:25  Zergling x6  
  46  8:29  Drone  
  47  8:38  Zergling x4  
  46  8:46  Baneling  
  46  8:47  Baneling x5  
  46  8:48  Drone x2  
  44  9:06  Zergling x8  
  46  9:11  Baneling  
  46  9:12  Baneling x2  
  46  9:15  Zergling x2  
  47  9:21  Mutalisk  
  47  9:24  Mutalisk  
Tags
 
Add a new tag
Caveats
  • Supply blocks, unpowered buildings, or Contaminate may cause inaccurate times.
  • Supply counts are checked every 10 seconds.